 Dungeon Crawl Stone Soup version 0.24.0-123-gd5b16e6ec5 (webtiles) character file.

Game seed: 9262596136122904722, levelgen mode: deterministic

1262 Norian the Thaumaturge (level 8, -3/41 HPs)
             Began as a Deep Elf Conjurer on Dec 28, 2019.
             Killed from afar by an electric eel (9 damage)
             ... with a bolt of electricity
             ... on level 6 of the Dungeon.
             The game lasted 00:06:23 (4764 turns).

Norian the Thaumaturge (Deep Elf Conjurer)          Turns: 4764, Time: 00:06:23

Health: -3/41      AC:  5    Str:  7    XL:     8   Next: 27%
Magic:  1/22       EV: 13    Int: 21    God:
Gold:   246        SH:  0    Dex: 15    Spells: 15/24 levels left

rFire    . . .     SeeInvis .   o - +2 dagger (venom)
rCold    . . .     Gourm    .   (no shield)
rNeg     + . .     Faith    .   a - +0 robe
rPois    .         Spirit   .   z - +0 helmet
rElec    .         Reflect  .   (no cloak)
rCorr    .         Harm     .   i - +0 pair of gloves
MR       .....                  p - +0 pair of boots
Stlth    +++.......             (no amulet)
HPRegen  0.13/turn              b - ring of stealth
MPRegen  0.18/turn              k - ring of positive energy

@: no status effects
A: no striking features
a: no special abilities


You were on level 6 of the Dungeon.
You were very hungry.

You visited 1 branch of the dungeon, and saw 6 of its levels.

You collected 246 gold pieces.

Inventory:

Hand Weapons
 o - a +2 dagger of venom (weapon)
Armour
 a - a +0 robe (worn)
 i - a +0 pair of gloves (worn)
 p - a +0 pair of boots (worn)
 u - a cursed -1 buckler
 z - a +0 helmet (worn)
Jewellery
 b - a ring of stealth (left hand)
 k - a ring of positive energy (right hand)
Wands
 q - a wand of random effects (14)
Scrolls
 d - a scroll of immolation {unknown}
 e - 5 scrolls of identify {unknown}
 f - a scroll of amnesia {unknown}
 n - a scroll of teleportation {unknown}
 r - a scroll of blinking {unknown}
 v - 3 scrolls of enchant armour {unknown}
 y - 2 scrolls of remove curse {unknown}
 C - 3 scrolls of magic mapping {unknown}
 D - a scroll of enchant weapon {unknown}
Potions
 g - 2 potions of mutation {unknown}
 h - 2 potions of curing {unknown}
 j - 2 potions of haste {unknown}
 l - a potion of ambrosia {unknown}
 m - 2 potions of might {unknown}
 s - a potion of brilliance {unknown}
 t - a potion of invisibility {unknown}
 w - 2 potions of heal wounds {unknown}
 x - 2 potions of agility
 A - a potion of degeneration {unknown}
Comestibles
 c - 8 rations


   Skills:
 - Level 2.4 Dodging
 - Level 2.4 Stealth
 + Level 8.5 Spellcasting
 + Level 8.1 Conjurations
 + Level 6.3 Hexes


You had 15 spell levels left.
You knew the following spells:

 Your Spells              Type           Power        Failure   Level  Hunger
a - Magic Dart            Conj           ####         1%          1    None
b - Iskenderun's Mystic   Conj           #####...     2%          4    ###....
c - Fulminant Prism       Conj/Hex       #####.....   3%          4    ###....

Your spell library contained the following spells:

 Spells                   Type           Power        Failure   Level  Hunger
 Searing Ray              Conj           #####.       1%          2    None
 Dazzling Spray           Conj/Hex       #####.       1%          3    None
 Force Lance              Conj/Tloc      ####....     14%         4    ###....


Dungeon Overview and Level Annotations

Branches:
Dungeon (6/15)
 Temple: D:4-7

Altars:
Elyvilon
Fedhas
Gozag
Kikubaaqudgha
Makhleb
Nemelex Xobeh
Qazlal
Sif Muna
Trog
Wu Jian
Zin
The Shining One


Message History

Aiming: Magic Dart (safe; 1% risk of failure)
Press: ? - help, Shift-Dir - straight line, f/p - electric eel
Aim: an electric eel (water, moderately wounded)
The magic dart hits the electric eel.
The electric eel is heavily wounded.
Casting: Magic Dart (safe; 1% risk of failure)
Confirm with . or Enter, or press ? or * to list all spells.
Aiming: Iskenderun's Mystic Blast (safe; 2% risk of failure)
Press: ? - help, Shift-Dir - straight line, f/p - electric eel
Aim: an electric eel (water, heavily wounded)
The orb of energy hits the electric eel!
The electric eel is almost dead.
The electric eel shoots out a bolt of lightning at you!
The bolt of electricity hits you!
The electric eel shoots out a bolt of lightning at you!
The bolt of electricity hits you!
* * * LOW HITPOINT WARNING * * *
The electric eel shoots out a bolt of lightning at you!
The bolt of electricity hits you!
You die...

.... ...# ...#
###...###
######.......##
#.............#
.....#.<#.## .##
# #.......#....
#.##....@..#..#
#....#..##.#..###
..##(#...........
.................
.......))........
≈.≈≈≈.≈.)..≈p≈.≈≈
≈≈≈≈≈≈≈....≈≈≈≈≈≈
≈;≈≈≈≈≈....≈≈≈≈≈≈
≈≈≈≈≈≈...).≈≈≈≈≈≈


You could see an electric eel.

Vanquished Creatures
  Pikel (D:6)
  A sky beast (D:5)
  A slave (D:6)
  2 ogres (D:4)
  Blork the orc (D:4)
  A howler monkey (D:5)
  2 crimson imps (D:5)
  A jelly (D:5)
  An orc priest (D:3)
  3 hounds
  A bullfrog skeleton (D:4)
  Ijyb (D:3)
  An iguana (D:4)
  A hound zombie (D:5)
  A gnoll (D:6)
  A howler monkey skeleton (D:6)
  6 adders
  2 oozes (D:2)
  An adder zombie (D:5)
  A worm (D:2)
  2 dart slugs (D:2)
  3 leopard geckos
  7 orcs
  6 bats
  5 giant cockroaches
  9 goblins
  11 hobgoblins
  4 jackals (D:5)
  A quokka (D:4)
  3 ball pythons
  4 frilled lizards
  5 kobolds
  A quokka skeleton (D:4)
  A quokka zombie (D:5)
  5 rats
97 creatures vanquished.

Vanquished Creatures (others)
  A human (D:4)
  A goblin (D:6)
  5 fulminant prisms
7 creatures vanquished.

Grand Total: 104 creatures vanquished

Notes
Turn   | Place    | Note
-------+----------+-------------------------------------------
     0 | D:1      | Norian the Deep Elf Conjurer began the quest for the Orb.
     0 | D:1      | Reached XP level 1. HP: 10/10 MP: 6/6
   439 | D:1      | Reached XP level 2. HP: 15/15 MP: 5/8
   802 | D:2      | Found an opulent altar of Gozag.
   808 | D:2      | Found a glowing golden altar of the Shining One.
   808 | D:2      | Found a blossoming altar of Fedhas.
   809 | D:2      | Found a white marble altar of Elyvilon.
   810 | D:2      | Found an ornate altar of the Wu Jian Council.
   813 | D:2      | Found a shimmering blue altar of Sif Muna.
  1086 | D:2      | Reached XP level 3. HP: 17/19 MP: 6/10
  1091 | D:2      | Reached skill level 5 in Conjurations
  1533 | D:2      | Reached XP level 4. HP: 24/24 MP: 5/12
  1551 | D:2      | Learned a level 4 spell: Iskenderun's Mystic Blast
  1556 | D:2      | Learned a level 4 spell: Fulminant Prism
  1751 | D:3      | Reached skill level 5 in Spellcasting
  2094 | D:3      | Found a blossoming altar of Fedhas.
  2104 | D:3      | Reached XP level 5. HP: 28/28 MP: 12/14
  2138 | D:3      | Noticed Ijyb
  2143 | D:3      | Killed Ijyb
  2271 | D:3      | Found a stormy altar of Qazlal.
  2276 | D:3      | Reached skill level 1 in Hexes
  2520 | D:4      | Noticed an ogre
  2528 | D:4      | Killed an ogre
  2599 | D:4      | Reached XP level 6. HP: 32/32 MP: 10/17
  2888 | D:4      | Found an ancient bone altar of Kikubaaqudgha.
  2890 | D:4      | Noticed a human
  2892 | D:4      | Killed a human
  3116 | D:4      | Found a burning altar of Makhleb.
  3116 | D:4      | Noticed an Executioner
  3120 | D:4      | Found a glowing silver altar of Zin.
  3120 | D:4      | Noticed an angel
  3295 | D:4      | Noticed Blork the orc
  3297 | D:4      | Killed Blork the orc
  3297 | D:4      | Reached XP level 7. HP: 36/36 MP: 10/19
  3623 | D:5      | Entered Level 5 of the Dungeon
  3697 | D:5      | Found a bloodstained altar of Trog.
  4107 | D:5      | Found a sparkling altar of Nemelex Xobeh.
  4361 | D:5      | Reached skill level 5 in Hexes
  4743 | D:6      | Noticed Pikel
  4752 | D:6      | Killed Pikel
  4752 | D:6      | Reached XP level 8. HP: 41/41 MP: 5/22
  4764 | D:6      | Killed from afar by an electric eel

Levels and vault maps discovered:
D:1:      ncdulo_watergridlock, layout_basic, minmay_liquid_box,
          minmay_misc_feat_rugged
D:2:      layout_basic, minitemple
D:3:      layout_loops_ring, grunt_qazlal_clouds, first_ration, fedhas_altar_2,
          uniq_ijyb
D:4:      layout_basic, grunt_temple_overflow_order_and_chaos_2,
          tgw_kikubaaqudgha, uniq_blork_the_orc
D:5:      layout_cave_pods, nemelex_xobeh_ov_fountains_minmay,
          corexii_hall_statues_l, trog_book
D:6:      minmay_goblin_kobold_castle, layout_loops_cross, temple_fountains,
          uniq_menkaure, uniq_eustachio, uniq_pikel

Skill      XL: |  1  2  3  4  5  6  7 |
---------------+----------------------+-----
Spellcasting   | 4 5 6 8 |  8.5
Conjurations   | 5 6 8 |  8.1
Hexes          | 2 3 6 |  6.3
Dodging        | |  2.4
Stealth        | |  2.4

Action                   |  1- 3 |  4- 6 |  7- 9 || total
-------------------------+-------+-------+-------++-------
Melee: Dagger            |       |     5 |       ||     5
 Cast: Magic Dart        |    72 |    64 |    70 ||   206
       Iskenderun's Myst |       |    11 |     6 ||    17
       Fulminant Prism   |       |     1 |     4 ||     5
  Eat: Chunk             |     1 |     8 |     4 ||    13
Armor: Robe              |     1 |     4 |     1 ||     6
Dodge: Dodged            |    18 |    19 |     6 ||    43
